AoeStats
← BSHammer

African Clearing

504148707Analyzed
3v3 RM · 29d ago on Sep 4, 2026· 56m 49s· 6 players
Game mode
Random Map
Map size
Normal (6 player)
Population
200
Speed
Normal
Resources
Standard
Victory
Conquest
Starting age
Dark Age
Ending age
Imperial Age
RankedLock teamsTeams togetherTeam positionsShared explorationLock speedFull tech treeHidden civsTurbo modeCheats
Victory
Defeat
🇲🇽 Magyars · Mexico
1461
+19
🇲🇽 Khmer · Mexico
1458
+19
🇲🇽 Huns · Mexico
1450
+20
🇺🇸 Japanese · United States
1587
-21
🇺🇸 Chinese · United States
1517
-19
🇺🇸 Mongols · United States
1500
-18
[SCP] SkaZi
6:02 Loom
11:08 Feudal Age
13:18 Double-Bit Axe
18:34 Bloodlines
21:48 Castle Age
24:40 Wheelbarrow
26:23 Stone Mining
29:00 Bow Saw
32:21 Elite Skirmisher
34:28 Fletching
34:38 Padded Archer Armor
35:28 Bodkin Arrow
38:21 Ballistics
38:25 Horse Collar
39:31 Leather Archer Armor
45:36 Imperial Age
42:53 Town Watch
43:12 Heavy Plow
43:03 Gold Mining
45:12 Gold Shaft Mining
45:13 Stone Shaft Mining
45:35 Forging
45:25 Scale Mail Armor
45:32 Scale Barding Armor
46:46 Conscription
46:30 Bracer
47:05 Ring Archer Armor
47:39 Chemistry
48:36 Scale Barding Armor
49:51 Crop Rotation
49:23 Town Patrol
52:17 Iron Casting
52:03 Chain Barding Armor
52:52 Husbandry
52:12 Light Cavalry
54:44 Plate Barding Armor
55:10 Blast Furnace
54:57 Coinage
56:36 Hand Cart
56:53 Banking
Dr. Sky
9:15 Loom
12:11 Feudal Age
12:55 Double-Bit Axe
15:00 Forging
16:55 Scale Barding Armor
19:00 Wheelbarrow
24:06 Castle Age
23:59 Gold Mining
24:07 Fletching
24:46 Bodkin Arrow
26:09 Ballistics
26:36 Husbandry
27:52 Padded Archer Armor
52:47 Town Watch
53:42 Bow Saw
54:25 Thumb Ring
55:19 Leather Archer Armor
55:26 Chain Barding Armor
SCP Faf
3:55 Loom
11:50 Feudal Age
17:20 Double-Bit Axe
17:15 Horse Collar
24:34 Castle Age
23:23 Bloodlines
24:23 Scale Barding Armor
26:29 Husbandry
27:21 Town Watch
36:41 Chain Barding Armor
38:00 Fletching
39:46 Gold Mining
51:13 Imperial Age
49:05 Bodkin Arrow
51:43 Wheelbarrow
51:32 Cavalier
53:50 Conscription
55:24 Padded Archer Armor
56:28 Chemistry
55:50 Ballistics
56:13 Elite Skirmisher
koriko9397
9:50 Loom
14:16 Feudal Age
18:48 Castle Age
29:09 Fletching
30:47 Bodkin Arrow
34:36 Yasama
40:38 Ballistics
40:39 Guard Tower
41:53 Murder Holes
44:26 Horse Collar
45:22 Pikeman
54:05 Imperial Age
54:33 Scale Mail Armor
56:21 Keep
Lucas Ducas
3:02 Loom
12:53 Feudal Age
13:39 Town Watch
16:41 Castle Age
15:38 Fletching
19:22 Bodkin Arrow
21:45 Ballistics
40:56 Padded Archer Armor
43:22 Herbal Medicine
50:34 Wheelbarrow
53:50 Hand Cart
54:12 Bloodlines
BSHammer
3:58 Loom
11:47 Feudal Age
14:17 Scale Barding Armor
14:24 Forging
25:55 Castle Age
24:31 Fletching
27:25 Bodkin Arrow
30:11 Padded Archer Armor
32:40 Ballistics
34:49 Double-Bit Axe
41:34 Horse Collar
43:44 Leather Archer Armor
44:27 Bloodlines
46:05 Husbandry
50:05 Thumb Ring
57:24 Imperial Age
Connection lost

Rejoining the realm…

Still unreachable

The connection could not be restored.

Session expired

The server has moved on; the page needs a fresh start.